Workbook

Sheet Ejercicio
D1: ENERO | E1: FEBRERO | F1: MARZO | G1: ABRIL | H1: MAYO | I1: JUNIO | K1: TOTAL $
B2: DETALLE INGRESOS
B3: Ventas Salón | D3: 4000000 | E3: 18069928 | F3: 59769655 | G3: 53283868 | H3: 44052734 | I3: 28683422 | J3: 3434 | K3: =SUM(D3:I3) -> 207859607
B4: Servicios de Post Venta | D4: 596206 | E4: 878775 | F4: 485439 | G4: 576196 | H4: 327261 | I4: 353762 | K4: =SUM(D4:I4) -> 3217639
B5: Repuestos / Servicios | D5: 524929 | E5: 450572 | F5: 394821 | G5: 556986 | H5: 445188 | I5: 101285 | K5: =SUM(D5:I5) -> 2473781
D6: 34 | E6: 24 | F6: 2432 | G6: 4324 | H6: 324 | I6: 32423
B7: Total Ingresos | D7: =SUM(D3:D5) -> 5121135 | E7: =SUM(E3:E5) -> 19399275 | F7: =SUM(F3:F5) -> 60649915 | G7: =SUM(G3:G5) -> 54417050 | H7: =SUM(H3:H5) -> 44825183 | I7: =SUM(I3:I5) -> 29138469
B8: Impuestos | C8: 0.19 | D8: =D7*$C$8 -> 973015.65 | E8: =E7*$C$8 -> 3685862.2 | F8: =F7*$C$8 -> 11523484 | G8: =G7*$C$8 -> 10339240 | H8: =H7*$C$8 -> 8516784.8 | I8: =I7*$C$8 -> 5536309.1
B9: TOTAL GENERAL INGRESOS $ | D9: =D7+D8 -> 6094150.7 | E9: =E7+E8 -> 23085137 | F9: =F7+F8 -> 72173399 | G9: =G7+G8 -> 64756290 | H9: =H7+H8 -> 53341968 | I9: =I7+I8 -> 34674778
B11: DETALLE EGRESOS
B12: Sueldos | D12: 3155982 | E12: 2019115 | F12: 2038557 | G12: 2617062 | H12: 2027204 | I12: 3326068 | K12: =SUM(D12:I12) -> 15183988
B13: Gastos Oficina | D13: 3327233 | E13: 2861163 | F13: 3027021 | G13: 2651728 | H13: 2665255 | I13: 3390085 | K13: =SUM(D13:I13) -> 17922485
B14: Varios | D14: 3135909 | E14: 2382232 | F14: 2574001 | G14: 3467608 | H14: 2869778 | I14: 2476382 | K14: =SUM(D14:I14) -> 16905910
B16: Total Egresos | D16: =SUM(D12:D14) -> 9619124 | E16: =SUM(E12:E14) -> 7262510 | F16: =SUM(F12:F14) -> 7639579 | G16: =SUM(G12:G14) -> 8736398 | H16: =SUM(H12:H14) -> 7562237 | I16: =SUM(I12:I14) -> 9192535
B17: Impuestos | C17: 0.19 | D17: =D16*$C$17 -> 1827633.6 | E17: =E16*$C$17 -> 1379876.9 | F17: =F16*$C$17 -> 1451520 | G17: =G16*$C$17 -> 1659915.6 | H17: =H16*$C$17 -> 1436825 | I17: =I16*$C$17 -> 1746581.6
B18: TOTAL GENERAL EGRESOS $ | D18: =D16+D17 -> 11446758 | E18: =E16+E17 -> 8642386.9 | F18: =F16+F17 -> 9091099 | G18: =G16+G17 -> 10396314 | H18: =H16+H17 -> 8999062 | I18: =I16+I17 -> 10939117
B20: SALDO GENERAL $ | D20: =D9-D18 -> -5352606.9 | E20: =E9-E18 -> 14442750 | F20: =F9-F18 -> 63082300 | G20: =G9-G18 -> 54359976 | H20: =H9-H18 -> 44342906 | I20: =I9-I18 -> 23735661

Sheet Operar Fechas
I1: Día Laboral | J1: DIA.LAB
B2: R.U.T. | C2: Nombre | D2: Motivo Ingreso Mantención | E2: Ingreso | F2: N° Días | G2: Entrega | J2: Fecha Ingreso | K2: 45586
B3: 13.903.946-K | C3: Chávez González Elsa | D3: Motivos | E3: 45597 | F3: 10 | G3: =E3+F3 -> 45607 | J3: N° Días | K3: 20
B4: 04.308.131-4 | C4: Catalán Toro Armanda | D4: Motivo dos | E4: 45608 | F4: 20 | G4: =E4+F4 -> 45628 | J4: Feríados | K4: 45596
B5: 05.057.894-1 | C5: Contreras Márquez Laura | D5: motivo tres | E5: 45610 | F5: 30 | G5: =E5+F5 -> 45640 | K5: 45597
B6: 05.299.873-5 | C6: Acevedo Navarro José | G6: =E6+F6 -> 0
B7: 05.334.664-2 | C7: Calderón Galaz Jose | G7: =E7+F7 -> 0 | J7: Entrega | K7: =WORKDAY(K2,K3,K4:K5) -> 45616
B8: 05.338.084-0 | C8: Belmar Hormazábal Rodrigo | G8: =E8+F8 -> 0
B9: 05.972.572-6 | C9: Blanco Vera Washington | G9: =E9+F9 -> 0 | J9: DIAS.LAB
B10: 05.990.979-7 | C10: Castro Córdova Silvia | G10: =E10+F10 -> 0 | I10: Días Lab | J10: Fecha Ingreso | K10: 45586
B11: 06.091.597-0 | C11: Astudillo Pereira Verónica | G11: =E11+F11 -> 0 | J11: Fecha Entrega | K11: 45615
B12: 06.134.686-4 | C12: Alarcón Casanova Sergio | G12: =E12+F12 -> 0 | J12: Feríado | K12: 45596
B13: 06.235.162-4 | C13: Armijo Lizama Leonardo | G13: =E13+F13 -> 0 | K13: 45597
J15: N° Días | K15: =NETWORKDAYS(K10,K11,K12:K13) -> 20

Sheet Validar
B2: Regla Validación Rango Entre 1 y 7
B3: Alumnos Capacitación | C3: Nota 1 | D3: Nota 2 | E3: Nota 3 | F3: Promedio | H3: Listas II | I3: Lista Otro Origen
B4: Juan Pedro Leyton | C4: 5.5 | D4: 4 | E4: 6 | F4: =AVERAGE(C4:E4) -> 5.1666667 | H4: 1 | I4: Blanco Vera Washington
B5: Sebastián Coloma Aparicio | C5: 4 | D5: 4 | E5: 5 | F5: =AVERAGE(C5:E5) -> 4.3333333 | H5: 2 | I5: Calderón Galaz Jose
B6: Jimena Natalia Viveros lara | C6: 5 | D6: 6 | E6: 6 | F6: =AVERAGE(C6:E6) -> 5.6666667
B7: Cristel Antonia Fecci | C7: 2.5 | D7: 3.3 | E7: 3 | F7: =AVERAGE(C7:E7) -> 2.9333333
H8: Listas III | I8: Lista Fija
B9: Validar Fecha | C9: N° Doc >1.000 | D9: Fecha (Hoy) | E9: Hora | H9: 1 | I9: Tocopilla
D10: 45622 | E10: 0.375 | H10: 2 | I10: Tocopilla
B12: listas
A13: I | B13: Nombre Alumnos Misma Hoja
A14: 1 | B14: Cristel Antonia Fecci
A15: 2 | B15: Jimena Natalia Viveros lara
A16: 3 | B16: Luis Carlos Jara

Sheet Graficos
B3: COMPORTAMIENTO DEL INDICE | H3: DISTRIBUCIÓN PORCENTUAL
B4: MESES | C4: VALORES 2023 | D4: VALORES 2024 | H4: SOBRE EL CONSUMO CHOCOLATE
B5: Enero | C5: 420 | D5: 400 | H5: MARCAS | I5: PORCENTAJE
B6: Febrero | C6: 402 | D6: 380 | H6: Chocolate Cruz | I6: 0.183
B7: Marzo | C7: 390 | D7: 390 | H7: Chocolate Diana | I7: 0.223
B8: Abril | C8: 420 | D8: 400 | H8: Chocolate Corona | I8: 0.214
B9: Mayo | C9: 460 | D9: 410 | H9: Chocolate Luker | I9: 0.14
B10: Junio | C10: 540 | D10: 400 | H10: Otros | I10: 0.24

Sheet Graficos II
B2: Items | C2: Enero | D2: Febrero | E2: Marzo | F2: Abril | G2: Mayo | H2: Junio | I2: Mini Gráfico
B3: Ingresos | C3: 1200000 | D3: 980000 | E3: 1200000 | F3: 990000 | G3: 1150000 | H3: 1250000
B4: Egresos | C4: 1000000 | D4: 120000 | E4: 1400000 | F4: 1000000 | G4: 900000 | H4: 1150000
B5: Saldo | C5: =C3-C4 -> 200000 | D5: =D3-D4 -> 860000 | E5: =E3-E4 -> -200000 | F5: =F3-F4 -> -10000 | G5: =G3-G4 -> 250000 | H5: =H3-H4 -> 100000

Sheet Mis Graficos

Sheet Contar Sumar SI
J1: Contar.Si | K1: Sumar.Si
B2: Vendedor | C2: Zona | D2: Enero | E2: Febrero | F2: Total | G2: Comisión % | H2: 1 | I2: Zona | J2: N° | K2: Total $ | L2: Comisión $
B3: Chávez González Elsa | C3: Norte | D3: 4108792 | E3: 3761993 | F3: =SUM(D3:E3) -> 7870785 | G3: =F3*'Comision %'!$B$3 -> 259735.9 | I3: Norte | J3: =COUNTIF($C$3:$C$16,I3) -> 6 | K3: =SUMIF(C3:C16,I3,F3:F16) -> 60436272 | L3: =SUMIF($C$3:$C$16,I3,$G$3:$G$16) -> 1994397
B4: Catalán Toro Armanda | C4: Sur | D4: 2826258 | E4: 5452833 | F4: =SUM(D4:E4) -> 8279091 | G4: =F4*'Comision %'!$B$3 -> 273210 | I4: Centro | J4: =COUNTIF($C$3:$C$16,I4) -> 3 | K4: =SUMIF($C$3:$C$16,I4,$F$3:$F$16) -> 26234130 | L4: =SUMIF($C$3:$C$16,I4,$G$3:$G$16) -> 865726.29
B5: Contreras Márquez Laura | C5: Centro | D5: 7407818 | E5: 3157745 | F5: =SUM(D5:E5) -> 10565563 | G5: =F5*'Comision %'!$B$3 -> 348663.58 | I5: Sur | J5: =COUNTIF($C$3:$C$16,I5) -> 5 | K5: =SUMIF($C$3:$C$16,I5,$F$3:$F$16) -> 45923081 | L5: =SUMIF($C$3:$C$16,I5,$G$3:$G$16) -> 1515461.7
B6: Acevedo Navarro José | C6: Norte | D6: 4358000 | E6: 8426000 | F6: =SUM(D6:E6) -> 12784000 | G6: =F6*'Comision %'!$B$3 -> 421872
B7: Calderón Galaz Jose | C7: Centro | D7: 1130677 | E7: 5067890 | F7: =SUM(D7:E7) -> 6198567 | G7: =F7*'Comision %'!$B$3 -> 204552.71 | H7: 2 | I7: Zona | J7: N° | K7: Total $ | L7: Comisión $
B8: Belmar Hormazábal Rodrigo | C8: Norte | D8: 6906087 | E8: 3885627 | F8: =SUM(D8:E8) -> 10791714 | G8: =F8*'Comision %'!$B$3 -> 356126.56 | I8: Sur | J8: =COUNTIF(C3:C16,I8) -> 5 | K8: =SUMIF(C3:C16,I8,F3:F16) -> 45923081 | L8: =SUMIF(C3:C16,I8,G3:G16) -> 1515461.7
B9: Blanco Vera Washington | C9: Sur | D9: 1990275 | E9: 1632192 | F9: =SUM(D9:E9) -> 3622467 | G9: =F9*'Comision %'!$B$3 -> 119541.41
B10: Castro Córdova Silvia | C10: Norte | D10: 2345876 | E10: 5762571 | F10: =SUM(D10:E10) -> 8108447 | G10: =F10*'Comision %'!$B$3 -> 267578.75
B11: Astudillo Pereira Verónica | C11: Sur | D11: 4297000 | E11: 10052000 | F11: =SUM(D11:E11) -> 14349000 | G11: =F11*'Comision %'!$B$3 -> 473517
B12: Alarcón Casanova Sergio | C12: Centro | D12: 5000000 | E12: 4470000 | F12: =SUM(D12:E12) -> 9470000 | G12: =F12*'Comision %'!$B$3 -> 312510
B13: Armijo Lizama Leonardo | C13: Norte | D13: 8731335 | E13: 2453000 | F13: =SUM(D13:E13) -> 11184335 | G13: =F13*'Comision %'!$B$3 -> 369083.05
B14: Dinara Lopez | C14: Sur | D14: 5877136 | E14: 4488758 | F14: =SUM(D14:E14) -> 10365894 | G14: =F14*'Comision %'!$B$3 -> 342074.5
B15: Elisa Mota | C15: Norte | D15: 1544000 | E15: 8152991 | F15: =SUM(D15:E15) -> 9696991 | G15: =F15*'Comision %'!$B$3 -> 320000.7
B16: Alicia Perez | C16: Sur | D16: 1557269 | E16: 7749360 | F16: =SUM(D16:E16) -> 9306629 | G16: =F16*'Comision %'!$B$3 -> 307118.76

Sheet Comision %
B2: Comisión %
B3: 0.033

Sheet Contar Sumar Si. Conjunto
B2: Vendedor | C2: Zona | D2: Agencia | E2: Enero | F2: Febrero | G2: Total | I2: Zona | J2: Agencia | K2: N°
B3: Chávez González Elsa | C3: Norte | D3: Arica | E3: 4108792 | F3: 3761993 | G3: =SUM(E3:F3) -> 7870785 | I3: Norte | J3: Iquique | K3: =COUNTIFS(C3:C16,I3,D3:D16,J3) -> 2
B4: Catalán Toro Armanda | C4: Sur | D4: Temuco | E4: 2826258 | F4: 5452833 | G4: =SUM(E4:F4) -> 8279091
B5: Contreras Márquez Laura | C5: Norte | D5: Iquique | E5: 7407818 | F5: 3157745 | G5: =SUM(E5:F5) -> 10565563
B6: Acevedo Navarro José | C6: Norte | D6: Antofagasta | E6: 4358000 | F6: 8426000 | G6: =SUM(E6:F6) -> 12784000
B7: Calderón Galaz Jose | C7: Sur | D7: Temuco | E7: 1130677 | F7: 5067890 | G7: =SUM(E7:F7) -> 6198567
B8: Belmar Hormazábal Rodrigo | C8: Norte | D8: Iquique | E8: 6906087 | F8: 3885627 | G8: =SUM(E8:F8) -> 10791714
B9: Blanco Vera Washington | C9: Centro | D9: Santiago | E9: 1990275 | F9: 1632192 | G9: =SUM(E9:F9) -> 3622467
B10: Castro Córdova Silvia | C10: Norte | D10: Arica | E10: 2345876 | F10: 5762571 | G10: =SUM(E10:F10) -> 8108447
B11: Astudillo Pereira Verónica | C11: Sur | D11: Temuco | E11: 4297000 | F11: 10052000 | G11: =SUM(E11:F11) -> 14349000
B12: Alarcón Casanova Sergio | C12: Centro | D12: Santiago | E12: 5000000 | F12: 4470000 | G12: =SUM(E12:F12) -> 9470000
B13: Armijo Lizama Leonardo | C13: Norte | D13: Arica | E13: 8731335 | F13: 2453000 | G13: =SUM(E13:F13) -> 11184335
B14: Dinara Lopez | C14: Centro | D14: Santiago | E14: 5877136 | F14: 4488758 | G14: =SUM(E14:F14) -> 10365894
B15: Elisa Mota | C15: Norte | D15: Antofagasta | E15: 1544000 | F15: 8152991 | G15: =SUM(E15:F15) -> 9696991
B16: Alicia Perez | C16: Sur | D16: Valdivia | E16: 1557269 | F16: 7749360 | G16: =SUM(E16:F16) -> 9306629

Sheet Formato Funcion Si
G3: TRUE
B4: PRUEBA LOGICA
G5: FALSE
A8: 1

Sheet Ejercicios Si
B2: RUT | C2: NOMBRE | D2: SEXO | E2: SEXO TEXTO | H2: RUT | I2: NOMBRE | J2: PROMEDIO | K2: ESTADO
B3: 03.903.946-K | C3: Castro Córdova Silvia | D3: F | H3: 03.903.946-K | I3: Castro Córdova Silvia | J3: 6
B4: 04.308.131-4 | C4: Calderón Galaz Jose | D4: M | H4: 04.308.131-4 | I4: Calderón Galaz Jose | J4: 4
B5: 05.334.664-2 | C5: Catalán Toro Armanda | D5: F | H5: 05.334.664-2 | I5: Catalán Toro Armanda | J5: 3
B6: 05.512.105-2 | C6: Acevedo Navarro José | D6: M | H6: 05.512.105-2 | I6: Acevedo Navarro José | J6: 2
B7: 05.660.775-7 | C7: Aranguiz Figueroa Carlos | D7: M | H7: 05.660.775-7 | I7: Aranguiz Figueroa Carlos | J7: 5
B10: RUT | C10: NOMBRE | D10: SEXO | E10: RENTA | F10: Factor Calculo
B11: 03.903.946-K | C11: Castro Córdova Silvia | D11: F
B12: 04.308.131-4 | C12: Calderón Galaz Jose | D12: M
B13: 05.334.664-2 | C13: Catalán Toro Armanda | D13: F
B14: 05.512.105-2 | C14: Acevedo Navarro José | D14: M
B15: 05.660.775-7 | C15: Aranguiz Figueroa Carlos | D15: M
D17: SEXO | E17: RENTA $ | F17: FACTOR %
D18: F | E18: 560000 | F18: 0.055
D19: M | E19: 555000 | F19: 0.05

Sheet Ejercicios Si Referencias
B2: Vendedor | C2: Zona | D2: Enero | E2: Febrero | F2: Total | G2: Comisión $
B3: Chávez González Elsa | C3: Norte | D3: 4108792 | E3: 3761993
B4: Catalán Toro Armanda | C4: Sur | D4: 2826258 | E4: 5452833
B5: Contreras Márquez Laura | C5: Norte | D5: 7407818 | E5: 3157745
B6: Acevedo Navarro José | C6: Norte | D6: 4358000 | E6: 8426000
B7: Calderón Galaz Jose | C7: Sur | D7: 1130677 | E7: 5067890
B8: Belmar Hormazábal Rodrigo | C8: Norte | D8: 6906087 | E8: 3885627
B9: Blanco Vera Washington | C9: Sur | D9: 1990275 | E9: 1632192
B10: Castro Córdova Silvia | C10: Norte | D10: 2345876 | E10: 5762571
B11: Astudillo Pereira Verónica | C11: Sur | D11: 4297000 | E11: 10052000
B12: Alarcón Casanova Sergio | C12: Sur | D12: 5000000 | E12: 4470000
B13: Armijo Lizama Leonardo | C13: Norte | D13: 8731335 | E13: 2453000
B14: Dinara Lopez | C14: Sur | D14: 5877136 | E14: 4488758
... B16: Alicia Perez | C16: Sur | D16: 1557269 | E16: 7749360

Sheet Param Ref.
B2: Zona | C2: %
B3: Norte | C3: 0.055
B4: Sur | C4: 0.065
